 Dungeon Crawl Stone Soup version 0.20.1-1-g8b1a95d (webtiles) character file.

55 kaze the Skirmisher (level 3, -5/33 HPs)
             Began as a Hill Orc Fighter on Sept 16, 2017.
             Was an Initiate of the Shining One.
             Killed from afar by Ijyb (9 damage)
             ... with a wand of flame (?/48)
             ... on level 3 of the Dungeon.
             The game lasted 00:02:11 (1327 turns).

kaze the Skirmisher (Hill Orc Fighter)              Turns: 1327, Time: 00:02:11

Health: -5/33      AC:  7    Str: 19    XL:     3   Next: 93%
Magic:  3/3        EV: 11    Int:  8    God:    the Shining One [......]
Gold:   38         SH: 10    Dex: 10    Spells: 2/2 levels left

rFire    . . .     SeeInvis .   a - +0 war axe
rCold    . . .     Gourm    .   c - +1 shield
rNeg     . . .     Faith    .   b - +0 scale mail
rPois    .         Spirit   .   (no helmet)
rElec    .         Reflect  .   (no cloak)
rCorr    .         Harm     .   (no gloves)
MR       .....                  (no boots)
Stlth    ..........             (no amulet)
Regen    0.2/turn               (no ring)
MPRegen  0.1/turn               o - +4 ring of evasion

@: lethally poisoned (-5 -> -8), glowing
A: no striking features
a: Renounce Religion


You were on level 3 of the Dungeon.
You worshipped the Shining One.
The Shining One was noncommittal.
You were not hungry.

You visited 1 branch of the dungeon, and saw 3 of its levels.

You collected 38 gold pieces.

Inventory:

Hand Weapons
 a - a +0 war axe (weapon)
Armour
 b - a +0 scale mail (worn)
 c - a +1 shield (worn)
Jewellery
 o - a +4 ring of evasion (right hand)
Scrolls
 i - 2 scrolls of amnesia
 m - 3 scrolls of teleportation
 n - 2 scrolls of remove curse
Potions
 d - 2 potions of might
 h - a potion of berserk rage {unknown}
Books
 e - a book of Cantrips

   Spells                             Type                      Level
   a - Confusing Touch                Hexes                        1
   b - Animate Skeleton               Necromancy                   1
   c - Summon Small Mammal            Summoning                    1
   d - Apportation                    Translocation                1
Comestibles
 f - a bread ration
 g - 2 royal jellies
 j - a chunk of flesh
 l - 5 fruits


   Skills:
 + Level 4.1 Fighting
 + Level 3.6 Axes
 + Level 3.8 Armour
 + Level 3.8 Shields


You had 2 spell levels left.
You didn't know any spells.

Dungeon Overview and Level Annotations

Branches:
Dungeon (3/15)

Altars:
The Shining One

Annotations:
D:3 Ijyb


Message History

You are too injured to fight recklessly!
You hit the kobold but do no damage. You hit Ijyb but do no damage.
You feel sick. The orc closely misses you.
Ijyb zaps a wand.
The puff of flame hits you!
* * * LOW HITPOINT WARNING * * *
You block the kobold's attack.
You slash Ijyb!
Ijyb is severely wounded.
You slash the kobold!
You kill the kobold!
* * * LOW HITPOINT WARNING * * *
You feel sick. Ijyb hits you but does no damage. You block the orc's attack.
You hit Ijyb.
Ijyb is almost dead.
Ijyb closely misses you. You block the orc's attack. Ijyb barely misses you.
The orc hits you but does no damage.
A hobgoblin comes into view.
* * * LOW HITPOINT WARNING * * *
You feel sick.
Ijyb zaps a wand.
The puff of flame hits you!
You die...

# ##### .# ###
#######.(.##.#....
..................
#<.@(g......
#......#.)o.....
#.####.#.......g
#.#........
#.#........
#.#........
#.#........
#.#........


You could see Ijyb and an orc.

Vanquished Creatures
  An adder (D:2)
  An ooze (D:1)
  A worm (D:2)
  A dart slug (D:2)
  2 leopard geckos
  2 orcs (D:3)
  A giant cockroach (D:2)
  2 goblins (D:1)
  6 hobgoblins
  5 jackals (D:1)
  3 bats (D:2)
  A frilled lizard (D:2)
  5 kobolds
31 creatures vanquished.

Notes
Turn   | Place    | Note
-------+----------+-------------------------------------------
     0 | D:1      | kaze the Hill Orc Fighter began the quest for the Orb.
     0 | D:1      | Reached XP level 1. HP: 19/19 MP: 1/1
    68 | D:1      | Reached XP level 2. HP: 25/27 MP: 2/2
   355 | D:1      | Reached skill level 4 in Fighting
   355 | D:1      | Reached XP level 3. HP: 33/33 MP: 3/3
   777 | D:2      | Found a glowing golden altar of the Shining One.
  1109 | D:2      | Became a worshipper of the Shining One
  1313 | D:3      | Noticed Ijyb
  1327 | D:3      | Killed from afar by Ijyb

Skill      XL: |  1  2 |
---------------+-------+-----
Axes           | 3 |  3.6
Fighting       | 4 |  4.1
Armour         | |  3.8
Shields        | |  3.8

Action                   || total
-------------------------++-------
Melee: War axe           ||    83
  Use: Scroll            ||     4
       Potion            ||     2
  Eat: Chunk             ||     1
Armor: Scale mail        ||    25
Dodge: Dodged            ||    34
Block: Shield            ||    53
